AoeStats
← Messier46

Arabia

510601671Analyzed
1v1 RM · 22h ago on Oct 1, 2026· 45m 8s· 2 players
Game mode
Random Map
Map size
Tiny (2 player)
Population
200
Speed
Normal
Resources
Standard
Victory
Conquest
Starting age
Dark Age
Ending age
Imperial Age
RankedLock teamsTeams togetherTeam positionsShared explorationLock speedFull tech treeHidden civsTurbo modeCheats
Victory
Defeat
🇪🇸 Malay · Spain
1014
+17
🇨🇴 Poles · Colombia
1034
-17
Messier46
6:55 Loom
9:31 Feudal Age
10:31 Double-Bit Axe
12:57 Wheelbarrow
18:47 Castle Age
17:33 Stone Mining
19:07 Horse Collar
22:51 Hand Cart
22:49 Husbandry
26:20 Gold Mining
28:12 Forging
28:42 Town Watch
29:42 Gold Shaft Mining
32:09 Imperial Age
31:07 Iron Casting
30:40 Fletching
30:47 Fletching
31:35 Squires
31:21 Arson
31:19 Capped Ram
34:37 Blast Furnace
35:37 Elite Karambit Warrior
36:44 Bodkin Arrow
38:46 Pikeman
39:23 Halberdier
41:01 Bracer
41:01 Padded Archer Armor
44:47 Murder Holes
45:12 Ballistics
maxpayne622
9:50 Feudal Age
9:03 Loom
10:16 Double-Bit Axe
10:15 Horse Collar
13:37 Scale Mail Armor
21:48 Castle Age
21:49 Scale Barding Armor
21:55 Forging
23:01 Bow Saw
27:18 Heavy Plow
27:49 Chain Mail Armor
33:55 Imperial Age
31:50 Squires
32:09 Pikeman
33:29 Husbandry
33:39 Bloodlines
33:52 Chain Barding Armor
34:08 Iron Casting
34:32 Wheelbarrow
33:59 Cavalier
39:37 Capped Ram
41:06 Siege Ram
Connection lost

Rejoining the realm…

Still unreachable

The connection could not be restored.

Session expired

The server has moved on; the page needs a fresh start.